AoeStats
← BachmanN

Arena

510318244Analyzed
4v4 RM · 2d ago on Sep 30, 2026· 46m 6s· 8 players
Game mode
Random Map
Map size
Large (8 player)
Population
200
Speed
Normal
Resources
Standard
Victory
Conquest
Starting age
Dark Age
Ending age
Imperial Age
RankedLock teamsTeams togetherTeam positionsShared explorationLock speedFull tech treeHidden civsTurbo modeCheats
Victory
Defeat
🇵🇹 Teutons · Portugal
1093
+16
🇫🇷 Bohemians · France
1033
+18
🇵🇪 Mongols · Peru
1027
+19
🇸🇪 Koreans · Sweden
1022
+18
🇨🇳 Franks · China
1094
-18
🇨🇳 Hindustanis · China
1093
-18
🇨🇳 Teutons · China
1081
-18
1069
-17
Lizard Bro
10:14 Feudal Age
13:51 Castle Age
12:13 Double-Bit Axe
12:11 Horse Collar
13:30 Loom
23:20 Wheelbarrow
25:36 Hand Cart
32:35 Imperial Age
30:41 Town Watch
32:40 Bow Saw
32:31 Heavy Plow
34:27 Chemistry
33:51 Ballistics
33:23 Pikeman
34:40 Conscription
35:01 Squires
35:04 Scale Mail Armor
35:41 Murder Holes
36:08 Chain Mail Armor
36:04 Forging
37:34 Halberdier
39:35 Iron Casting
44:03 Plate Mail Armor
44:34 Blast Furnace
43:24 Fletching
43:40 Caravan
Pablito
6:37 Loom
9:03 Feudal Age
11:26 Fletching
29:29 Castle Age
27:26 Double-Bit Axe
31:27 Scale Barding Armor
32:12 Forging
40:23 Iron Casting
41:50 Scale Mail Armor
41:51 Horse Collar
43:11 Wheelbarrow
44:04 Bow Saw
44:39 Pikeman
48:09 Imperial Age
46:07 Chain Mail Armor
BachmanN
0:32 Loom
12:27 Feudal Age
13:27 Double-Bit Axe
14:06 Horse Collar
17:09 Castle Age
15:36 Gold Mining
16:02 Town Watch
16:39 Fletching
17:55 Heavy Plow
18:24 Bow Saw
24:48 Wheelbarrow
25:29 Gold Shaft Mining
25:57 Bodkin Arrow
30:30 Imperial Age
28:35 Forging
28:25 Scale Mail Armor
28:35 Squires
31:49 Conscription
32:46 Two-Man Saw
31:19 Capped Ram
32:06 Arson
33:01 Iron Casting
32:27 Bracer
33:43 Hand Cart
34:13 Caravan
33:37 Elite Fire Lancer
35:05 Chain Mail Armor
35:48 Shinkichon
37:28 Elite War Wagon
40:05 Chemistry
39:25 Ballistics
39:39 Plate Mail Armor
40:58 Eupseong
40:48 Arrowslits
41:08 Siege Engineers
41:14 Siege Engineers
42:14 Masonry
45:13 Architecture
jochizan
11:00 Feudal Age
12:19 Double-Bit Axe
12:15 Horse Collar
15:30 Castle Age
15:17 Wheelbarrow
16:48 Bow Saw
16:40 Heavy Plow
19:27 Loom
21:54 Squires
24:13 Fletching
24:26 Padded Archer Armor
25:07 Town Watch
29:37 Imperial Age
29:05 Gold Mining
30:54 Hand Cart
30:40 Town Patrol
31:05 Ballistics
31:46 Chemistry
30:43 Murder Holes
31:25 Conscription
31:23 Arson
32:10 Masonry
32:00 Stone Mining
32:47 Gold Shaft Mining
32:21 Elite Mangudai
33:19 Fortified Wall
34:38 Drill
33:43 Onager
34:47 Bodkin Arrow
35:04 Forging
34:56 Scale Mail Armor
35:19 Leather Archer Armor
36:27 Bracer
37:02 Iron Casting
37:27 Bloodlines
37:17 Husbandry
38:07 Hoardings
39:58 Siege Engineers
39:24 Elite Steppe Lancer
41:32 Capped Ram
44:10 Thumb Ring
44:31 Parthian Tactics
43:27 Elite Skirmisher
随便玩玩
11:32 Feudal Age
15:23 Castle Age
13:46 Double-Bit Axe
14:23 Horse Collar
14:37 Stone Mining
17:38 Wheelbarrow
20:00 Stone Shaft Mining
26:25 Fletching
27:12 Heavy Plow
30:43 Bodkin Arrow
31:15 Hand Cart
36:57 Imperial Age
35:00 Scale Mail Armor
35:11 Forging
37:40 Masonry
37:44 Fortified Wall
38:16 Crop Rotation
38:29 Chain Mail Armor
38:43 Conscription
39:51 Siege Engineers
40:10 Ballistics
523988158
0:35 Loom
12:10 Feudal Age
15:32 Fletching
25:17 Castle Age
25:33 Double-Bit Axe
26:32 Wheelbarrow
36:33 Pikeman
36:58 Arson
38:58 Husbandry
39:03 Squires
360216051
9:57 Feudal Age
13:08 Double-Bit Axe
15:29 Castle Age
13:21 Horse Collar
15:30 Gold Mining
17:01 Bow Saw
17:20 Heavy Plow
20:36 Gold Shaft Mining
21:05 Wheelbarrow
20:21 Loom
22:03 Stone Mining
23:06 Hand Cart
23:49 Scale Barding Armor
26:21 Bloodlines
26:14 Husbandry
27:29 Stone Shaft Mining
27:23 Chain Barding Armor
27:16 Forging
29:52 Imperial Age
27:49 Fortified Wall
30:58 Conscription
30:40 Grand Trunk Road
31:49 Plate Barding Armor
30:41 Heavy Camel Rider
34:32 Two-Man Saw
33:18 Light Cavalry
34:09 Imperial Camel Rider
36:51 Hussar
40:17 Iron Casting
有死之荣无生之辱
0:33 Loom
11:30 Feudal Age
15:53 Castle Age
13:55 Double-Bit Axe
15:38 Horse Collar
30:53 Imperial Age
29:01 Scale Mail Armor
29:41 Bow Saw
29:42 Gold Mining
30:33 Wheelbarrow
30:20 Chain Mail Armor
30:14 Pikeman
31:27 Forging
31:06 Gambesons
33:15 Gold Shaft Mining
32:42 Heavy Plow
33:59 Halberdier
35:01 Heavy Scorpion
37:05 Plate Mail Armor
37:58 Chemistry
40:16 Conscription
40:07 Elite Varangian Guard
Connection lost

Rejoining the realm…

Still unreachable

The connection could not be restored.

Session expired

The server has moved on; the page needs a fresh start.